AoeStats
← DSLG | Mr.Olivaz

Arena

509548787Analyzed
2v2 RM · 6d ago on Sep 27, 2026· 68m 59s· 4 players
Game mode
Random Map
Map size
Medium (4 player)
Population
200
Speed
Normal
Resources
Standard
Victory
Conquest
Starting age
Dark Age
Ending age
Imperial Age
RankedLock teamsTeams togetherTeam positionsShared explorationLock speedFull tech treeHidden civsTurbo modeCheats
Victory
Defeat
🇺🇸 Vikings · United States
972
+13
🇲🇽 Persians · Mexico
970
+14
🇲🇽 Mongols · Mexico
974
-42
🇲🇽 Varangians · Mexico
858
-11
omarrios981
10:39 Feudal Age
12:49 Double-Bit Axe
12:46 Horse Collar
15:42 Castle Age
14:48 Wheelbarrow
16:45 Bow Saw
16:38 Heavy Plow
18:12 Hand Cart
28:47 Imperial Age
27:42 Fletching
27:53 Padded Archer Armor
28:03 Forging
27:59 Scale Barding Armor
28:16 Ballistics
27:53 Gold Mining
29:21 Bloodlines
29:11 Husbandry
28:32 Light Cavalry
29:35 Heavy Scorpion
32:11 Chemistry
32:14 Hussar
34:37 Chain Barding Armor
34:53 Iron Casting
36:40 Town Watch
36:40 Loom
36:48 Stone Mining
37:40 Onager
49:46 Bodkin Arrow
50:06 Leather Archer Armor
50:51 Blast Furnace
63:27 Capped Ram
67:21 Elite Skirmisher
hervey431
12:02 Feudal Age
13:24 Horse Collar
17:01 Castle Age
19:34 Double-Bit Axe
20:13 Gold Mining
21:36 Bow Saw
25:53 Husbandry
28:37 Imperial Age
27:56 Scale Barding Armor
28:02 Forging
27:43 Fletching
27:54 Padded Archer Armor
31:15 Cavalier
32:27 Guilds
33:25 Wheelbarrow
34:51 Coinage
36:05 Chain Barding Armor
36:20 Iron Casting
47:46 Elite Skirmisher
53:20 Hand Cart
60:11 Vendel Legacy
67:37 Padded Archer Armor
67:33 Bodkin Arrow
Darkfield
10:07 Feudal Age
11:44 Loom
14:48 Castle Age
13:12 Double-Bit Axe
13:08 Horse Collar
15:20 Wheelbarrow
15:26 Bow Saw
15:50 Heavy Plow
18:23 Gold Mining
20:40 Town Watch
21:35 Fervor
23:19 Gold Shaft Mining
24:50 Hand Cart
29:58 Imperial Age
29:31 Kamandaran
30:06 Ballistics
29:58 Masonry
31:14 Chemistry
30:25 Fletching
30:37 Padded Archer Armor
31:29 Crop Rotation
32:01 Two-Man Saw
31:25 Bodkin Arrow
33:23 Conscription
32:27 Crossbowman
33:47 Thumb Ring
34:40 Hoardings
36:11 Leather Archer Armor
39:17 Murder Holes
39:52 Architecture
41:36 Elite War Elephant
45:28 Ring Archer Armor
45:03 Scale Barding Armor
45:09 Forging
44:38 Pikeman
45:03 Gambesons
45:19 Squires
46:15 Halberdier
59:15 Devotion
61:47 Onager
63:27 Herbal Medicine
67:17 Husbandry
67:30 Bloodlines
67:36 Light Cavalry
DSLG | Mr.Olivaz
10:55 Feudal Age
15:10 Castle Age
13:27 Horse Collar
13:59 Double-Bit Axe
19:03 Heavy Plow
20:17 Bow Saw
21:37 Stone Mining
21:44 Gold Mining
26:55 Stone Mining
29:27 Gold Shaft Mining
31:34 Imperial Age
28:52 Town Watch
30:45 Chieftains
31:23 Treadmill Crane
32:16 Fortified Wall
32:23 Forging
32:14 Scale Mail Armor
32:39 Conscription
33:24 Two-Man Saw
32:56 Crop Rotation
33:34 Onager
35:17 Chemistry
34:39 Loom
36:02 Siege Engineers
37:17 Iron Casting
36:57 Chain Mail Armor
36:13 Capped Ram
37:09 Heavy Scorpion
44:02 Siege Ram
44:07 Elite Berserk
46:27 Blast Furnace
45:57 Plate Mail Armor
55:47 Padded Archer Armor
56:11 Ballistics
59:17 Pikeman
60:28 Elite Varangian Guard
64:27 Squires
Connection lost

Rejoining the realm…

Still unreachable

The connection could not be restored.

Session expired

The server has moved on; the page needs a fresh start.